 Dungeon Crawl Stone Soup version 0.26-a0-466-g989023bd0d (webtiles) character file.

Game seed: 15004724930015095202

4 drasked the Sneak (level 1, 9/9 HPs)
             Began as a Spriggan Enchanter on Aug 7, 2020.
             Quit the game on level 1 of the Dungeon on Aug 8, 2020.
             The game lasted 00:04:08 (430 turns).

drasked the Sneak (Spriggan Enchanter)               Turns: 430, Time: 00:04:09

Health: 9/9        AC:  2    Str:  4    XL:     1   Next: 58%
Magic:  5/5        EV: 18    Int: 16    God:
Gold:   18         SH:  0    Dex: 16    Spells: 4/5 levels left

rFire    . . .     SeeInvis +   a - +1 dagger
rCold    . . .     Faith    .   (shield restricted)
rNeg     . . .     Spirit   .   b - +0 robe
rPois    .         Reflect  .   (helmet restricted)
rElec    .         Harm     .   (no cloak)
rCorr    .                      (gloves unavailable)
MR       .....                  (boots unavailable)
Stlth    +++.......             (no amulet)
HPRegen  0.03/turn              (no ring)
MPRegen  0.09/turn              (no ring)

@: very quick
A: very small, unfitting armour, see invisible, speed 3
a: no special abilities


You were on level 1 of the Dungeon.
You visited 1 branch of the dungeon, and saw 1 of its levels.

You collected 18 gold pieces.

Inventory:

Hand Weapons
 a - a +1 dagger (weapon)
Armour
 b - a +0 robe (worn)
Scrolls
 c - a scroll of enchant weapon {unknown}


   Skills:
 + Level 1.5 Short Blades
 - Level 3.0 Dodging
 + Level 4.7 Stealth
 - Level 2.6 Spellcasting
 - Level 3.6 Hexes


You had 4 spell levels left.
You knew the following spells:

 Your Spells              Type           Power        Failure   Level
v - Corona                Hex            ##.....      4%          1

Your spell library contained the following spells:

 Spells                   Type           Power        Failure   Level
 Confusing Touch          Hex            ##......     13%         3
 Tukima's Dance           Hex            ##......     13%         3
 Ensorcelled Hibernation  Hex/Ice        #.....       14%         2
 Dazzling Flash           Conj/Hex       #.....       28%         3


Dungeon Overview and Level Annotations

Branches:
Dungeon (1/15)

Altars:


Innate Abilities, Weirdness & Mutations

You are very small and have problems with some larger weapons.
You are too small for most types of armour.
You have supernaturally acute eyesight. (SInv)
You cover ground extremely quickly.


Message History

Throwing (i - inventory)
Q - 2 stones (quivered)
Aim: a goblin (asleep)
You throw a stone. The stone hits the goblin.
The goblin shouts!
Throwing (i - inventory)
Q - a stone (quivered)
Aim: a goblin (moderately wounded)
You throw a stone. The stone hits the goblin.
The goblin hits you.
You completely miss the goblin. The goblin barely misses you.
You hit the goblin. The goblin misses you.
You hit the goblin.
You kill the goblin!
The kobold throws a stone.
The stone closely misses you. The kobold hits you.
* * * LOW HITPOINT WARNING * * *
You see here a goblin corpse.
You are too injured to fight recklessly!
You are too injured to fight recklessly!
You are too injured to fight recklessly!
You are too injured to fight recklessly!
You closely miss the kobold. The kobold hits you.
* * * LOW HITPOINT WARNING * * *
The kobold throws a stone.
The stone completely misses you.
You start resting.
A kobold is nearby!
You start resting.
A kobold is nearby!
The kobold throws a stone.
The stone hits you.
* * * LOW HITPOINT WARNING * * *
You see here a stone.
The kobold throws a stone.
The stone misses you.
There is an open door here.
You close the door.
There is a staircase leading out of the dungeon here.
You open the door.
There is an open door here.
You close the door.
You start resting.
You open the door.
There is an open door here.
You open the door.
There is an open door here.
A hobgoblin comes into view. It is wielding a +0 club.
You barely miss the hobgoblin. The hobgoblin completely misses you.
You hit the hobgoblin. The hobgoblin closely misses you.
You hit the hobgoblin.
You kill the hobgoblin!
You see here a +0 club.
A bat comes into view.
The helpless bat fails to defend itself.
You impale the bat!!
You kill the bat!
You see here a bat corpse.
c - a scroll labeled UVVUAQ NE XADUWUN You see here a robe.
A bat comes into view.
A bat is nearby!
Unknown command.
Saving game... please wait.
Options error: Bad channel -- pray (HDAMessageColors.rc:30) Options error: Bad channel -- food (HDAMessageColors.rc:33) Options error: Bad object type '%}\|' for autopickup. (draskedHDA.rc:715) Welcome back, drasked the Spriggan Enchanter.
Unknown command.
Saving game... please wait.
Options error: Bad channel -- pray (HDAMessageColors.rc:30) Options error: Bad channel -- food (HDAMessageColors.rc:33) Options error: Bad object type '%}\|' for autopickup. (draskedHDA.rc:715) Welcome back, drasked the Spriggan Enchanter.
Saving game... please wait.
Options error: Bad channel -- pray (HDAMessageColors.rc:30) Options error: Bad channel -- food (HDAMessageColors.rc:33) Options error: Bad object type '%}\|' for autopickup. (draskedHDA.rc:715) Welcome back, drasked the Spriggan Enchanter.
Saving game... please wait.
Options error: Bad object type '%}\|' for autopickup. (~/.crawlrc:5687) Options error: Bad channel -- pray (~/.crawlrc:6980) Options error: Bad channel -- food (~/.crawlrc:6983) Welcome back, drasked the Spriggan Enchanter.
Sorry, you're not good enough to have a special ability.
Number of times to repeat, then command key: You must enter the number of times for the command to repeat.
A bat is nearby!
A bat is nearby!
Saving game... please wait.
Options error: Bad channel -- pray (HDAMessageColors.rc:30) Options error: Bad channel -- food (HDAMessageColors.rc:33) Options error: Bad object type '%}\|' for autopickup. (draskedHDA.rc:715) Welcome back, drasked the Spriggan Enchanter.
Number of times to repeat, then command key: You must enter the number of times for the command to repeat.
Options error: Bad channel -- pray (HDAMessageColors.rc:30) Options error: Bad channel -- food (HDAMessageColors.rc:33) Options error: Bad object type '%}\|' for autopickup. (draskedHDA.rc:715) Welcome back, drasked the Spriggan Enchanter.
Saving game... please wait.
Options error: Bad channel -- pray (HDAMessageColors.rc:30) Options error: Bad channel -- food (HDAMessageColors.rc:33) Options error: Bad object type '%}\|' for autopickup. (draskedHDA.rc:715) Welcome back, drasked the Spriggan Enchanter.

#b.# #...# #..# #...# #?.#
#...# ####..# #...# ###
..#..# #...# ##°≈ .
#.#..#####...# #≈§○
....###.#.....##...####°○☼
#.......@.....'...'..#○°○
#.####.##.##.##...##.#☼≈≈
#.##.##.##...##.####
#.##.##.##...##..+..
#.##[##.##...##.####
#.##.##.##...##.#°☼≈
#.##.##)##...##.#§≈☼
#.##.##.##...##.#§○○
#.##.#######.#≈○☼


You could see a bat (asleep).

Vanquished Creatures
  A goblin (D:1)
  A hobgoblin (D:1)
  A kobold (D:1)
  A bat (D:1)
4 creatures vanquished.

Notes
Turn   | Place    | Note
-------+----------+-------------------------------------------
     0 | D:1      | drasked the Spriggan Enchanter began the quest for the Orb.
     0 | D:1      | Reached XP level 1. HP: 9/9 MP: 5/5
    28 | D:1      | Identified a +0 whip
    86 | D:1      | HP: 2/9 [kobold (2)]
   129 | D:1      | HP: 1/9 [kobold/stone (2)]
   398 | D:1      | Identified a +0 club
   430 | D:1      | Quit the game

Illustrated notes

Levels and vault maps discovered:
D:1:      saegor_arrival_miasma, layout_basic, minmay_ruptured

Action                   || total
-------------------------++-------
Melee: Dagger            ||    12
Throw: Stone             ||     2
 Stab: Sleeping          ||     1
Dodge: Dodged            ||    11

Table legend: (Time is in decaauts)
 A = Elapsed time spent in this place.
 B = Non-inter-level travel time spent in this place.
 C = Inter-level travel time spent in this place.
 D = Time resting spent in this place.
 E = Time spent auto-exploring this place.
 F = Levels seen in this place.
 G = Mean time per level.
                   A        B        C        D        E       F      G
               +--------+--------+--------+--------+--------+-----+--------+
         Total |    363 |    363 |      0 |    240 |     57 |   1 |  363.0 |
       Dungeon |    363 |    363 |      0 |    240 |     57 |   1 |  363.0 |
               +--------+--------+--------+--------+--------+-----+--------+

Top non-repeatable levels by time:
     D:1: 363 daAuts

Levels and vault maps discovered:
D:1:      saegor_arrival_miasma, layout_basic, minmay_ruptured

Table legend: (Time is in decaauts)
 A = Elapsed time spent in this place.
 B = Non-inter-level travel time spent in this place.
 C = Inter-level travel time spent in this place.
 D = Time resting spent in this place.
 E = Time spent auto-exploring this place.
 F = Levels seen in this place.
 G = Mean time per level.
                   A        B        C        D        E       F      G
               +--------+--------+--------+--------+--------+-----+--------+
         Total |    363 |    363 |      0 |    240 |     57 |   1 |  363.0 |
       Dungeon |    363 |    363 |      0 |    240 |     57 |   1 |  363.0 |
               +--------+--------+--------+--------+--------+-----+--------+

Top non-repeatable levels by time:
     D:1: 363 daAuts

Table legend:
 A = Kills in this place as a percentage of kills in entire the game.
 B = Kills by you in this place as a percentage of kills by you in the entire game.
 C = Kills by friends in this place as a percentage of kills by friends in the entire game.
 D = Other kills in this place as a percentage of other kills in the entire game.
 E = Experience gained in this place as a percentage of experience gained in the entire game.
 F = Experience gained in this place divided by the number of levels of this place that you have seen.
                   A       B       C       D       E      F
               +-------+-------+-------+-------+-------+----------------------
         Total | 100.0 | 100.0 |   N/A |   N/A | 100.0 |   7.0
       Dungeon | 100.0 | 100.0 |   N/A |   N/A | 100.0 |   7.0
               +-------+-------+-------+-------+-------+----------------------
